 Dungeon Crawl Stone Soup version 0.25-a0-578-gc91f01c39c (webtiles) character file.

Game seed: 15076448414719257723, levelgen mode: deterministic

1902 wullow the Shield-Bearer (level 8, -1/67 HPs)
             Began as a Demonspawn Fighter on Mar 3, 2020.
             Was a Believer of Okawaru.
             Slain by a bullfrog (5 damage)
             ... on level 7 of the Dungeon.
             The game lasted 00:12:50 (6531 turns).

wullow the Shield-Bearer (Demonspawn Fighter)       Turns: 6531, Time: 00:12:50

Health: -1/67      AC: 11    Str: 17    XL:     8   Next: 94%
Magic:  11/11      EV: 11    Int: 11    God:    Okawaru [**....]
Gold:   448        SH: 13    Dex: 13    Spells: 11/11 levels left

rFire    + . .     SeeInvis +   a - +1 rapier
rCold    . . .     Gourm    .   t - +1 kite shield
rNeg     . . .     Faith    .   b - +0 scale mail
rPois    +         Spirit   .   G - +0 hat
rElec    .         Reflect  .   (no cloak)
rCorr    .         Harm     .   (no gloves)
MR       .....                  D - +0 pair of boots
Stlth    +.........             j - amulet of magic regeneration
HPRegen  0.21/turn              o - ring of see invisible
MPRegen  0.37/turn              p - ring of poison resistance

@: heroism, drained
A: talons 1, rugged brown scales 2, fire resistance 1, powered by death 1
a: Heroism, Renounce Religion


You were on level 7 of the Dungeon.
You worshipped Okawaru.
Okawaru was pleased with you.
You were not hungry.

You visited 2 branches of the dungeon, and saw 8 of its levels.

You collected 448 gold pieces.

Inventory:

Hand Weapons
 a - a +1 rapier (weapon)
 l - a +0 war axe of flaming
 I - a +2 dagger of draining
Missiles
 h - 201 stones (quivered)
 i - 156 arrows
 x - 54 sling bullets
 C - 7 atropa-tipped darts
Armour
 b - a +0 scale mail (worn)
 t - a +1 kite shield (worn)
 D - a +0 pair of boots (worn)
 G - a +0 hat (worn)
Jewellery
 j - an amulet of magic regeneration (around neck)
 o - a ring of see invisible (left hand)
 p - a ring of poison resistance (right hand)
 q - an uncursed ring of positive energy
 s - an uncursed amulet of the acrobat {unknown}
 A - an uncursed ring of magical power
Scrolls
 c - a scroll of fog
 g - a scroll of amnesia
 n - a scroll of teleportation
 u - a scroll of blinking
 y - a scroll of fear
 F - a scroll of immolation
Potions
 d - 2 potions of flight
 e - 2 potions of mutation
 k - a potion of heal wounds
 r - 2 potions of curing
 v - 4 potions of stabbing
 w - a potion of brilliance {unknown}
 z - a potion of might
 B - 2 potions of degeneration {unknown}
 J - 4 potions of haste {unknown}
 K - a potion of magic {unknown}
Comestibles
 f - 11 rations
 m - 4 chunks of flesh


   Skills:
 + Level 5.8(9.7) Fighting
 * Level 6.7(10.6) Short Blades
 - Level 3.0(7.0) Armour
 * Level 7.0(10.9) Shields
 + Level 2.0(1.1) Spellcasting


You had 11 spell levels left.
You didn't know any spells.
Your spell library contained the following spells:

 Spells                   Type           Power        Failure   Level  Hunger
 Beastly Appendage        Tmut           #.....       85%         1    ##.....
 Magic Dart               Conj           #...         85%         1    ##.....
 Searing Ray              Conj           #.....       94%         2    ###....
 Sticks to Snakes         Tmut           #.......     94%         2    ###....
 Dazzling Flash           Conj/Hex       #.....       99%         3    ####...
 Spider Form              Tmut/Pois      #.........   99%         3    ####...
 Fulminant Prism          Conj/Hex       #.........   100%        4    #####..
 Ice Form                 Ice/Tmut       #.......     100%        4    #####..
 Iskenderun's Mystic Bla  Conj/Tloc      #.......     100%        4    #####..
 Blade Hands              Tmut           #.........   100%        5    ######.


Dungeon Overview and Level Annotations

Branches:
Dungeon (7/15)             Temple (1/1) D:5

Altars:
Ashenzari
Cheibriados
Dithmenos
Elyvilon
Fedhas
Gozag
Hepliaklqana
Kikubaaqudgha
Makhleb
Nemelex Xobeh
Okawaru
Qazlal
Ru
Sif Muna
Trog
Uskayaw
Vehumet
Wu Jian
Xom
Yredelemnul
Zin
The Shining One


Innate Abilities, Weirdness & Mutations

You have sharp toenails.
You are mostly covered in rugged brown scales. (AC +2, +5% HP)
Your flesh is heat resistant. (rF+)
You regenerate a little health from kills.


Message History

The bullfrog hits you.
* * * LOW HITPOINT WARNING * * *
You puncture the ogre!
The ogre is heavily wounded.
You block the bullfrog's attack. You block the ogre's attack.
You hit the ogre.
The ogre is heavily wounded.
You block the bullfrog's attack.
You hit the ogre.
The ogre is severely wounded.
You block the bullfrog's attack. The ogre barely misses you.
You closely miss the ogre.
The ogre is severely wounded.
The bullfrog hits you.
* * * LOW HITPOINT WARNING * * *
You hit the ogre but do no damage.
The ogre is severely wounded.
You block the bullfrog's attack. The ogre barely misses you.
The bullfrog hits you.
You die...

#....##.......#
#..........?..#
#.............#
#.............#
#.............#
.......†......#
........#'##..# #####
.......F#.##..##....#
$......O@.##..##....#
.......#.÷##..##....#
.......#..##..##....#
.......#......##....#
.......##.....##....###
....... #...........'.#
.......##.....##....#.#
.............###)...#.#
............).....#


You could see an ogre and a bullfrog.

Vanquished Creatures
  An ice beast (D:4)
  A black bear (D:6)
  2 phantoms (D:6)
  3 ogres
  2 bullfrogs
  3 scorpions
  3 wights (D:7)
  A howler monkey (D:5)
  A crimson imp (D:5)
  2 hounds
  A bullfrog skeleton (D:5)
  3 orc wizards
  An orc priest (D:5)
  A gnoll shaman (D:5)
  Natasha (thrice) (D:3)
  2 iguanas
  5 worker ants
  A hound zombie (D:2)
  2 hound skeletons
  A worker ant zombie (D:5)
  5 gnolls (D:5)
  9 adders
  2 shadow imps
  An ooze (D:2)
  2 adder zombies (D:5)
  2 worms
  2 dart slugs
  5 leopard geckos
  20 orcs
  9 bats
  4 giant cockroaches
  5 goblins
  9 hobgoblins
  9 jackals
  4 quokkas
  3 frilled lizards
  5 kobolds
  7 rats
142 creatures vanquished.

Vanquished Creatures (others)
  6 toadstools (D:4)
6 creatures vanquished.

Grand Total: 148 creatures vanquished

Notes
Turn   | Place    | Note
-------+----------+-------------------------------------------
     0 | D:1      | wullow the Demonspawn Fighter began the quest for the Orb.
     0 | D:1      | Reached XP level 1. HP: 18/18 MP: 1/1
   513 | D:1      | Gained mutation: You are partially covered in rugged brown
                  | scales. (AC +1, +3% HP) [demonic ancestry]
   513 | D:1      | Reached XP level 2. HP: 17/24 MP: 2/2
   768 | D:2      | Reached skill level 3 in Shields
   817 | D:2      | Reached XP level 3. HP: 26/29 MP: 3/3
   992 | D:2      | Gained mutation: You have sharp toenails. [demonic
                  | ancestry]
   992 | D:2      | Reached XP level 4. HP: 9/36 MP: 4/4
  1293 | D:2      | Found a bloodstained altar of Trog.
  1296 | D:2      | Found an iron altar of Okawaru.
  1300 | D:2      | Became a worshipper of Warmaster Okawaru
  1306 | D:2      | Found a blossoming altar of Fedhas.
  1437 | D:2      | Found a sparkling altar of Nemelex Xobeh.
  1543 | D:3      | Found a stormy altar of Qazlal.
  1543 | D:3      | Noticed an air elemental
  1586 | D:3      | Noticed a water elemental
  1588 | D:3      | Noticed a fire elemental
  1588 | D:3      | Noticed an earth elemental
  1664 | D:3      | Gained mutation: You regenerate a little health from kills.
                  | [demonic ancestry]
  1664 | D:3      | Reached XP level 5. HP: 42/42 MP: 5/5
  1773 | D:3      | Noticed Natasha
  1785 | D:3      | Killed Natasha
  1796 | D:3      | Found a sacrificial altar of Ru.
  1829 | D:3      | Noticed Natasha
  1846 | D:3      | Killed Natasha
  1846 | D:3      | Reached skill level 4 in Shields
  2094 | D:3      | Noticed Natasha
  2102 | D:3      | Killed Natasha
  2255 | D:4      | Found a shimmering altar of Xom.
  2490 | D:4      | Noticed an ogre
  2490 | D:4      | Noticed an ice beast
  2491 | D:4      | Noticed an ogre
  2528 | D:4      | Killed an ice beast
  2528 | D:4      | Reached * piety under Okawaru
  2528 | D:4      | Gained mutation: Your flesh is heat resistant. (rF+)
                  | [demonic ancestry]
  2528 | D:4      | Reached XP level 6. HP: 23/49 MP: 6/6
  2859 | D:4      | Reached XP level 7. HP: 56/56 MP: 7/7
  2928 | D:4      | Reached skill level 5 in Shields
  3410 | D:5      | Entered Level 5 of the Dungeon
  3777 | D:5      | Reached skill level 5 in Short Blades
  3862 | D:5      | Reached ** piety under Okawaru
  4252 | D:5      | Reached skill level 5 in Fighting
  4356 | D:5      | Found a shimmering blue altar of Sif Muna.
  4404 | D:5      | Found a staircase to the Ecumenical Temple.
  4413 | D:5      | Gained mutation: You are mostly covered in rugged brown
                  | scales. (AC +2, +5% HP) [demonic ancestry]
  4413 | D:5      | Reached XP level 8. HP: 50/65 MP: 8/8
  4420 | Temple   | Entered the Ecumenical Temple
  4680 | D:5      | Reached skill level 6 in Shields
  5260 | D:5      | Found a glowing golden altar of the Shining One.
  5266 | D:5      | Found an ornate altar of the Wu Jian Council.
  5696 | D:6      | Reached skill level 1 in Spellcasting
  6499 | D:7      | Reached skill level 7 in Shields
  6531 | D:7      | Slain by a bullfrog

Levels and vault maps discovered:
D:1:      dpeg_arrival_yet_another_circle, layout_basic, minmay_tetromino_s4
D:2:      layout_rooms, grunt_temple_overflow_diamond, nemelex_dance_club_becter
D:3:      layout_rooms, nicolae_qazlal_style_of_elements, first_ration,
          nicolae_ru_sacrificial_ziggurat, uniq_natasha
D:4:      layout_basic, minmay_gold_behind_fungi, lemuel_altar_in_water
D:5:      layout_basic, amethyst_overflow_temple_binary,
          minmay_temple_entry_fiery, minmay_ruined_shrine
D:6:      layout_basic
D:7:      layout_basic, lightli_ossuary_entry_decrepit_ruins
Temple:   eino_temple_scatter_basement

Skill      XL: |  1  2  3  4  5  6  7  8 |
---------------+-------------------------+-----
Short Blades   | 2 3 4 5 6 |  6.7
Shields        | 3 4 5 7 |  7.0
Armour         | 3 |  3.0
Fighting       | 4 5 |  5.8
Spellcasting   | 2 |  2.0

Action                   |  1- 3 |  4- 6 |  7- 9 || total
-------------------------+-------+-------+-------++-------
Melee: Rapier            |    91 |   169 |   436 ||   696
       Kick              |       |    45 |    87 ||   132
Throw: Stone             |       |       |     3 ||     3
Invok: Heroism           |       |     1 |     2 ||     3
  Use: Potion            |     2 |     1 |     1 ||     4
       Scroll            |       |       |    14 ||    14
  Eat: Chunk             |       |     5 |    12 ||    17
       Ration            |       |       |     1 ||     1
Armor: Scale mail        |    54 |    71 |   124 ||   249
Dodge: Dodged            |    20 |    45 |   103 ||   168
Block: Kite shield       |    54 |    84 |   198 ||   336

Table legend:
 A = Non-vault XP
 B = Vault XP
 C = Vault XP percentage of total XP
 D = Non-vault monster count
 E = Vault monster count
 F = Vault count percentage of total count
                 A         B        C        D         E       F
            +---------+---------+-------+---------+---------+-------
      Total |    2431 |     287 |  10.6 |     130 |      12 |   8.5
            +---------+---------+-------+---------+---------+-------
        D:1 |      12 |       4 |  25.0 |       8 |       1 |  11.1
        D:2 |     137 |      10 |   6.8 |      27 |       2 |   6.9
        D:3 |     249 |      35 |  12.3 |      24 |       1 |   4.0
        D:4 |     389 |       0 |   0.0 |      12 |       0 |   0.0
        D:5 |     508 |     238 |  31.9 |      24 |       8 |  25.0
        D:6 |     754 |       0 |   0.0 |      24 |       0 |   0.0
        D:7 |     382 |       0 |   0.0 |      11 |       0 |   0.0
            +---------+---------+-------+---------+---------+-------
